 Dungeon Crawl Stone Soup version 0.31-a0-198-g2ad674f65e (webtiles) character file.

Game seed: 412737877197913456

50 qw the Shooter (level 3, 0/20 HPs)
             Began as a Deep Elf Hunter on June 25, 2023.
             Slain by an adder (1 damage)
             ... on level 2 of the Dungeon.
             The game lasted 00:00:29 (894 turns).

qw the Shooter (Deep Elf Hunter)                     Turns: 894, Time: 00:00:29

Health: 0/20       AC:  5    Str: 10    XL:     3   Next: 55%
Magic:  5/5        EV: 11    Int: 13    God:
Gold:   116        SH:  0    Dex: 18    Spells: 2/2 levels left

rFire   . . .        Y - +0 shortbow
rCold   . . .        (shield currently unavailable)
rNeg    . . .        i - +0 ring mail
rPois   .            (no helmet)
rElec   .            (no cloak)
rCorr   .            (no gloves)
SInv    .            (no boots)
Will    .....        (no amulet)
Stlth   +            (no ring)
HPRegen 0.23/turn    (no ring)
MPRegen 0.09/turn

%: no passive effects
@: lethally poisoned (0 -> -4)
A: no striking features
a: no special abilities


You were on level 2 of the Dungeon.
You visited 1 branch of the dungeon, and saw 2 of its levels.

You collected 116 gold pieces.


   Skills:
 - Level 1.5 Fighting
 + Level 7.1 Ranged Weapons
 - Level 2.4 Dodging
 - Level 1.2 Stealth


You had 2 spell levels left.
You didn't know any spells.
Your spell library was empty.

Inventory:

Hand Weapons
 Y - a +0 shortbow (weapon)
Armour
 i - a +0 ring mail (worn)
Scrolls
 b - a scroll of identify
 c - a scroll of revelation {unknown}
 e - a scroll of torment {unknown}
Potions
 a - a potion of brilliance {unknown}
 d - a potion of haste {unknown}
 g - a potion of heal wounds {unknown}
 h - a potion of curing

Dungeon Overview and Level Annotations

Branches:
Dungeon (2/15)

Altars:


Message History

Enter note:
Enter note:
Enter note:
There is an escape hatch in the floor here.
An adder comes into view.
Enter note:
Enter note:
Enter note:
Enter note:
Enter note:
Enter note: You shoot an arrow.
The arrow hits the adder.
The adder is moderately wounded.
You shoot an arrow. The arrow barely misses the adder.
The adder bites you.
You are poisoned.
The adder poisons you! The adder bites you.
You are more poisoned.
The adder poisons you!
You shoot an arrow. The arrow hits the adder.
The adder is heavily wounded.
You feel very sick. The adder closely misses you.
You shoot an arrow. The arrow closely misses the adder.
You feel sick. The adder bites you but does no damage.
The adder barely misses you.
You shoot an arrow.
The arrow hits the adder but does no damage.
The adder is heavily wounded.
You feel sick. The adder bites you.
You are lethally poisoned!
The adder poisons you!
You shoot an arrow. The arrow barely misses the adder.
You feel sick. The adder bites you but does no damage.
The adder barely misses you.
You shoot an arrow. The arrow misses the adder.
You feel sick. The adder barely misses you.
You shoot an arrow. The arrow closely misses the adder.
You feel sick. The adder bites you.
You die...

.......# #.#
##.###.##### #.
######.# #.#
##<#......####.
#.# #.#
##.#####......
######.# #.# ###
####### )......#
#.#
############.#
#.....>####
#.####....## #
#.###@# # ####
#.# #S# # #..
#.# #.# # #.#
##. .##
###.########.. .
).%.........#.##
.##............
.##..#..#..#..
.##.#..#..#..#


You could see an adder.

Vanquished Creatures
  An adder (D:2)
  A worm (D:2)
  A dart slug (D:1)
  3 endoplasms
  2 giant cockroaches (D:1)
  5 goblins (D:1)
  4 hobgoblins
  3 jackals (D:2)
  A quokka (D:2)
  5 ball pythons
  2 bats (D:2)
  2 frilled lizards (D:1)
  2 kobolds
  2 rats (D:2)
34 creatures vanquished.

Notes
Turn   | Place    | Note
-------+----------+-------------------------------------------
     0 | D:1      | qw the Deep Elf Hunter began the quest for the Orb.
     0 | D:1      | Reached XP level 1. HP: 12/12 MP: 3/3
     0 | D:1      | 0 ||| qw: Version: 0.3-a-22-g0ed2b0b
     0 | D:1      | 0 ||| qw: Game counter: 5087
     0 | D:1      | 0 ||| qw: Melee chars always use a shield: true
     0 | D:1      | 0 ||| qw: God list: Okawaru
     0 | D:1      | 0 ||| qw: Allow faded altars: false
     0 | D:1      | 0 ||| qw: Do Orc after clearing Dungeon:15 true
     0 | D:1      | 0 ||| qw: Do second Lair branch before Depths: true
     0 | D:1      | 0 ||| qw: Lair rune preference: random
     0 | D:1      | 0 ||| qw: Goals: Normal
     0 | D:1      | 0 ||| PLANNING D:1-11
    95 | D:1      | Reached XP level 2. HP: 16/16 MP: 4/4
   128 | D:1      | Reached skill level 6 in Ranged Weapons
   378 | D:1      | 378 ||| UPGRADING to +0 scale mail.
   388 | D:1      | 388 ||| DROPPING +0 leather armour.
   389 | D:1      | 389 ||| UPGRADING to +0 ring mail.
   399 | D:1      | 399 ||| DROPPING +0 scale mail.
   400 | D:1      | 400 ||| READING scroll labelled ORUMU DIUBAO.
   401 | D:1      | 401 ||| READING scroll labelled JACIKE ALAOFA.
   402 | D:1      | 402 ||| DRINKING 2 silvery potions.
   403 | D:1      | 403 ||| DROPPING scroll of butterflies.
   524 | D:2      | Reached XP level 3. HP: 20/20 MP: 5/5
   624 | D:2      | HP: 5/20 [poisoned by an adder]
   717 | D:2      | Reached skill level 7 in Ranged Weapons
   891 | D:2      | HP: 5/20 [adder (2)]
   893 | D:2      | HP: 1/20 [poisoned by an adder]
   894 | D:2      | Slain by an adder

Levels and vault maps discovered:
D:1:      wander_arrival_peaceful_grave, layout_rooms
D:2:      layout_loops_ring, minmay_misc_feat_diagonals

Skill      XL: |  1  2  3 |
---------------+----------+-----
Ranged Weapons | 6 7 |  7.1
Fighting       | |  1.5
Dodging        | |  2.4
Stealth        | |  1.2

Action                     || total
---------------------------++-------
   Fire: Shortbow          ||   117
    Use: Scroll            ||     2
         Potion            ||     1
 Armour: Leather armour    ||     5
         Ring mail         ||    20
  Dodge: Dodged            ||    36

Table legend:
 A = Non-vault XP
 B = Vault XP
 C = Vault XP percentage of total XP
 D = Non-vault monster count
 E = Vault monster count
 F = Vault count percentage of total count
                 A         B        C        D         E       F
            +---------+---------+-------+---------+---------+-------
      Total |      72 |       0 |   0.0 |      34 |       0 |   0.0
            +---------+---------+-------+---------+---------+-------
        D:1 |      32 |       0 |   0.0 |      18 |       0 |   0.0
        D:2 |      40 |       0 |   0.0 |      16 |       0 |   0.0
            +---------+---------+-------+---------+---------+-------
